AoeStats
← CharlesKap

Arabia

510330658Analyzed
1v1 RM · 15h ago on Sep 30, 2026· 41m 15s· 2 players
Game mode
Random Map
Map size
Tiny (2 player)
Population
200
Speed
Normal
Resources
Standard
Victory
Conquest
Starting age
Dark Age
Ending age
Imperial Age
RankedLock teamsTeams togetherTeam positionsShared explorationLock speedFull tech treeHidden civsTurbo modeCheats
Victory
Defeat
🇪🇸 Hindustanis · Spain
1063
+18
🇫🇷 Britons · France
1099
-18
marce
2:42 Loom
9:13 Feudal Age
9:53 Double-Bit Axe
16:14 Castle Age
14:37 Horse Collar
16:40 Gold Mining
17:36 Wheelbarrow
16:47 Town Watch
17:25 Stone Mining
18:17 Gold Shaft Mining
19:24 Hand Cart
22:45 Heavy Plow
25:33 Stone Shaft Mining
25:39 Squires
25:25 Arson
28:04 Forging
32:03 Imperial Age
30:46 Scale Mail Armor
31:27 Bow Saw
32:02 Grand Trunk Road
35:07 Conscription
38:41 Two-Man Saw
39:57 Elite Ghulam
CharlesKap
5:20 Loom
10:12 Feudal Age
11:19 Double-Bit Axe
15:45 Wheelbarrow
20:04 Castle Age
18:33 Gold Mining
19:03 Horse Collar
19:19 Stone Mining
19:52 Fletching
20:19 Crossbowman
22:08 Bodkin Arrow
23:47 Bow Saw
24:50 Padded Archer Armor
29:42 Leather Archer Armor
30:33 Gold Shaft Mining
30:59 Treadmill Crane
31:30 Masonry
33:28 Ballistics
36:40 Imperial Age
37:20 Hand Cart
39:07 Guilds
38:31 Arbalester
Connection lost

Rejoining the realm…

Still unreachable

The connection could not be restored.

Session expired

The server has moved on; the page needs a fresh start.